 Dungeon Crawl Stone Soup version 0.26-a0-812-g31a745ddcd (webtiles) character file.

Game seed: 6803594547284939979

685 Lanoc the Shooter (level 7, -4/36 HPs)
             Began as a Vine Stalker Arcane Marksman on Nov 19, 2020.
             Was a Follower of Ashenzari.
             Slain by an orc warrior
             ... wielding a +0 halberd
              (12 damage)
             ... on level 6 of the Dungeon.
             The game lasted 00:07:43 (3165 turns).

Lanoc the Shooter (Vine Stalker Arcane Marksman)    Turns: 3165, Time: 00:07:44

Health: -4/36      AC: 10    Str:  7    XL:     7   Next: 62%
Magic:  0/9        EV:  8    Int: 17    God:    Ashenzari [*.....]
Gold:   254        SH:  0    Dex: 19    Spells: 7/8 levels left

rFire    . . .     SeeInvis +   b - +0 rapier
rCold    . . .     Faith    .   (no shield)
rNeg     + + .     Spirit   +   o - +3 scale mail of Indomitability {+Blink rN++ Str-5 SInv}
rPois    +         Reflect  .   q - +0 helmet
rElec    .         Harm     .   (no cloak)
rCorr    .         Rampage  .   (no gloves)
MR       .....                  (no boots)
Stlth    ..........             (no amulet)
HPRegen  0.52/turn              k - ring of flight
MPRegen  0.11/turn              m - ring of poison resistance

@: confused
A: fangs 2, agile 1, clever 2, regeneration 1, magic shield, antimagic bite, no
potion heal 3, rot immunity
a: Curse Item, Scrying, Renounce Religion, Evoke Blink, Evoke Flight


You were on level 6 of the Dungeon.
You worshipped Ashenzari.
Ashenzari was aware of your devotion.
You visited 2 branches of the dungeon, and saw 7 of its levels.

You collected 254 gold pieces.

Inventory:

Hand Weapons
 a - a +0 shortbow
 b - a +0 rapier (weapon)
Missiles
 d - 3 arrows
 i - a curare-tipped dart (quivered)
Armour
 o - the +3 scale mail of Indomitability (worn) {+Blink rN++ Str-5 SInv}
   (You found it on level 5 of the Dungeon)

   It affects your strength (-5).
   It greatly protects you from negative energy.
   It lets you see invisible.
   It lets you blink.
 q - a +0 helmet (worn)
Jewellery
 k - a ring of flight (left hand)
 m - a ring of poison resistance (right hand)
Scrolls
 e - a scroll of silence {unknown}
 f - a scroll of random uselessness {unknown}
 g - 2 scrolls of teleportation {unknown}
 j - a scroll of amnesia {unknown}
 l - a scroll of enchant armour {unknown}
 p - 2 scrolls of enchant weapon
 r - a scroll of remove curse
Potions
 c - a potion of curing
 h - 2 potions of invisibility


   Skills:
 + Level 3.6 Fighting
 * Level 5.5 Bows
 + Level 3.6 Dodging
 - Level 1.1 Spellcasting
 - Level 3.0 Hexes


You had 7 spell levels left.
You knew the following spells:

 Your Spells              Type           Power        Failure   Level
a - Corona                Hex            ##.....      63%         1

Your spell library contained the following spells:

 Spells                   Type           Power        Failure   Level
 Slow                     Hex            ##......     77%         2
 Inner Flame              Hex/Fire       #.......     99%         3
 Portal Projectile        Hex/Tloc       #.....       99%         3
 Cause Fear               Hex            ##........   100%        4
 Leda's Liquefaction      Hex/Erth       #.........   100%        4


Dungeon Overview and Level Annotations

Branches:
Dungeon (6/15)             Temple (1/1) D:4

Altars:
Ashenzari
Cheibriados
Dithmenos
Elyvilon
Gozag
Hepliaklqana
Makhleb
Nemelex Xobeh
Okawaru
Qazlal
Ru
Trog
Wu Jian
Xom
Yredelemnul
Zin
The Shining One

Shops:
D:6 [


Innate Abilities, Weirdness & Mutations

You have extremely sharp teeth.
Your natural rate of healing is unusually fast.
When hurt, damage is shared between your health and your magic reserves.
Your bite disrupts and absorbs the magic of your enemies.
Potions cannot restore your health.
You are immune to rotting.
You are agile. (Dex +2)
Your mind is very acute. (Int +4)


Message History

The orc wizard hits you with a +0 dagger.
The orc warrior hits you with a +0 halberd!
You are too injured to fight recklessly!
The orc wizard hits you with a +0 dagger.
The orc warrior barely misses you.
You closely miss the orc wizard. Your bite misses the orc wizard.
The orc wizard is moderately wounded.
The orc wizard points at you and mumbles some strange words.
You are confused.
You bump into the rock wall.
The orc wizard hits you with a +0 dagger.
The orc warrior hits you from afar with a +0 halberd!
* * * LOW HITPOINT WARNING * * *
You bump into the rock wall.
The orc wizard hits you but does no damage.
The orc warrior closely misses you.
You bump into the rock wall.
The orc wizard hits you but does no damage.
The orc warrior hits you from afar with a +0 halberd!
You die...

+..≈≈PP....##≈.≈≈≈#
#....≈.....###..PP#
+..........# #..#.#
#..........####...#
###.............###
#o#############
#o#.. #o#.####
#@#.##<# #.#.##[#
#.#.##.# #.#.##.#
#...##.# #♣≈.##.#
#≈≈≈##.# ##≈≈≈##.#
#.≈≈≈.#.#


You could see an orc warrior, an orc wizard and an orc.

Vanquished Creatures
  Edmund (D:5)
  A black bear (D:6)
  An ogre (D:4)
  A phantom (D:5)
  A scorpion (D:4)
  A howler monkey (D:4)
  A jelly (D:5)
  A hound (D:5)
  A worker ant (D:4)
  5 adders
  4 gnolls (D:5)
  A white imp (D:5)
  An ufetubus (D:4)
  An adder zombie (D:3)
  2 worms
  2 dart slugs
  6 orcs (D:5)
  2 ball pythons
  3 giant cockroaches
  2 hobgoblins (D:3)
  4 jackals (D:4)
  A bat (D:2)
  A frilled lizard (D:3)
  2 gnoll zombies (D:4)
  3 goblins (D:3)
  2 kobolds
  A quokka skeleton (D:4)
  2 rats (D:3)
54 creatures vanquished.

Vanquished Creatures (others)
  3 plants (D:6)
3 creatures vanquished.

Grand Total: 57 creatures vanquished

Notes
Turn   | Place    | Note
-------+----------+-------------------------------------------
     0 | D:1      | Lanoc the Vine Stalker Arcane Marksman began the quest for
                  | the Orb.
     0 | D:1      | Reached XP level 1. HP: 9/9 MP: 3/3
    57 | D:2      | Reached skill level 1 in Fighting
    57 | D:2      | Reached skill level 2 in Bows
   158 | D:3      | Reached XP level 2. HP: 14/14 MP: 4/4
   281 | D:3      | Reached XP level 3. HP: 10/18 MP: 1/5
   579 | D:3      | Found a shimmering altar of Xom.
   588 | D:3      | Became a worshipper of Xom the Tricky
   687 | D:3      | XOM: silly message
   766 | D:3      | XOM: summons 2 hostile shadow creatures
   767 | D:3      | Noticed a necrophage
  1020 | D:4      | Found a shadowy altar of Dithmenos.
  1021 | D:4      | XOM: swap monsters
  1061 | D:4      | Gained mutation: Your natural rate of healing is unusually
                  | fast. [Vine Stalker growth]
  1061 | D:4      | Reached XP level 4. HP: 23/23 MP: 6/6
  1069 | D:4      | Found a staircase to the Ecumenical Temple.
  1069 | D:4      | Noticed an ogre
  1082 | D:4      | XOM: torment (15/23 hp)
  1087 | D:4      | Killed an ogre
  1087 | D:4      | Reached skill level 3 in Bows
  1087 | D:4      | Reached XP level 5. HP: 20/26 MP: 4/7
  1112 | Temple   | Entered the Ecumenical Temple
  1155 | Temple   | Fell from the grace of Xom
  1155 | Temple   | Became a worshipper of Ashenzari the Shackled
  1200 | D:4      | Found a stormy altar of Qazlal.
  1250 | D:4      | HP: 1/26 [jackal (2)]
  1387 | D:4      | Found a basalt altar of Yredelemnul.
  1416 | D:4      | Reached skill level 4 in Bows
  1437 | D:4      | XOM: god gift: scroll labelled HUASAU UFID {god gift}
  1617 | D:4      | HP: 1/27 [worker ant (3)]
  1629 | D:4      | Reached XP level 6. HP: 8/32 MP: 2/8
  1700 | D:4      | Found a sacrificial altar of Ru.
  1905 | D:5      | Entered Level 5 of the Dungeon
  1988 | D:5      | Got the uncursed scale mail of Indomitability {+Blink rN++
                  | Str-5 SInv}
  1998 | D:5      | Identified the +3 scale mail of Indomitability {+Blink rN++
                  | Str-5 SInv} (You found it on level 5 of the Dungeon)
  2019 | D:5      | XOM: give mutation
  2019 | D:5      | Gained mutation: Armour fits poorly on your strangely
                  | shaped body. [Xom's mischief]
  2072 | D:5      | Found a white marble altar of Elyvilon.
  2072 | D:5      | Found a shimmering altar of Xom.
  2157 | D:5      | XOM: give mutation
  2157 | D:5      | Gained mutation: You are frail. (-10% HP) [Xom's mischief]
  2245 | D:5      | Found a bloodstained altar of Trog.
  2380 | D:5      | Found a snail-covered altar of Cheibriados.
  2434 | D:5      | XOM: stat loss: -2 Int (11/13)
  2552 | D:5      | XOM: scenery: 1 doors open
  2592 | D:5      | Lost mutation: Armour fits poorly on your strangely shaped
                  | body. [potion of mutation]
  2592 | D:5      | Lost mutation: You are frail. (-10% HP) [potion of
                  | mutation]
  2592 | D:5      | Gained mutation: Your mind is acute. (Int +2) [potion of
                  | mutation]
  2592 | D:5      | Gained mutation: Your mind is very acute. (Int +4) [potion
                  | of mutation]
  2592 | D:5      | Gained mutation: You are agile. (Dex +2) [potion of
                  | mutation]
  2601 | D:5      | Noticed a phantom
  2627 | D:5      | Killed a phantom
  2627 | D:5      | Reached XP level 7. HP: 36/36 MP: 9/9
  2824 | D:5      | Noticed Edmund
  2826 | D:5      | Reached * piety under Ashenzari
  2844 | D:5      | Killed Edmund
  2844 | D:5      | Reached skill level 5 in Bows
  2864 | D:5      | Found a burning altar of Makhleb.
  3006 | D:6      | Found Xosyim's Armour Emporium.
  3165 | D:6      | Slain by an orc warrior

Illustrated notes

Levels and vault maps discovered:
D:1:      dpeg_arrival_another_circle, layout_loops_ring
D:2:      layout_rooms, dancing_weapons_uskayaw
D:3:      layout_basic, brannock_xom_greatest_gift
D:4:      layout_gridville, nicolae_dithmenos_the_darkroom,
          nicolae_qazlal_general_emergency, lemuel_zombie_altar_yredelemnul,
          minmay_temple_entry_statues_fountains, nicolae_ru_path_of_blood
D:5:      kennysheep_six_static_rooms, layout_basic,
          makhleb_blood_cavern_becter, bloody_trog, kennysheep_slug_shrine,
          gammafunk_temple_overflow_wave, chequers_serial_rivers_micro_b,
          uniq_edmund
D:6:      layout_basic, fedhas_altar_2, serial_bayou, serial_bayou_shore_b,
          serial_bayou_lagoon_a, serial_bayou_ford_a, serial_bayou_pond_e,
          serial_shops, shop, uniq_grinder
Temple:   jpeg_temple_island

Skill      XL: |  1  2  3  4  5  6  7 |
---------------+----------------------+-----
Fighting       | 1 2 3 |  3.6
Bows           | 2 3 4 5 |  5.5
Dodging        | 2 3 |  3.6
Spellcasting   | |  1.1
Hexes          | |  3.0

Action                   |  1- 3 |  4- 6 |  7- 9 || total
-------------------------+-------+-------+-------++-------
Melee: Unarmed           |     2 |    51 |       ||    53
       Bite              |       |    33 |    25 ||    58
       Rapier            |       |    78 |    63 ||   141
 Fire: Shortbow          |    85 |    38 |       ||   123
Throw: Dart              |       |    11 |     2 ||    13
  Use: Potion            |       |     4 |       ||     4
       Scroll            |       |     5 |       ||     5
 Stab: Invisible         |       |     1 |       ||     1
Armor: Robe              |     7 |    11 |       ||    18
       Scale mail        |       |    44 |    46 ||    90
Dodge: Dodged            |    34 |   120 |    45 ||   199

Table legend: (Time is in decaauts)
 A = Elapsed time spent in this place.
 B = Non-inter-level travel time spent in this place.
 C = Inter-level travel time spent in this place.
 D = Time resting spent in this place.
 E = Time spent auto-exploring this place.
 F = Levels seen in this place.
 G = Mean time per level.
                   A        B        C        D        E       F      G
               +--------+--------+--------+--------+--------+-----+--------+
         Total |   3209 |   3101 |    108 |      0 |   2280 |   7 |  458.4 |
       Dungeon |   3131 |   3056 |     75 |      0 |   2251 |   6 |  521.8 |
        Temple |     77 |     44 |     33 |      0 |     29 |   1 |   77.0 |
               +--------+--------+--------+--------+--------+-----+--------+

Top non-repeatable levels by time:
     D:5: 1107 daAuts
     D:4: 893 daAuts
     D:3: 814 daAuts
     D:6: 185 daAuts
     D:2: 83 daAuts
  Temple: 77 daAuts
     D:1: 48 daAuts
